 Dungeon Crawl Stone Soup version 0.28.0-1-gb440e238dd (webtiles) character file.

Game seed: 8048758242165654849

13918 Gabide the Thaumaturge (level 11, -3/83 HPs)
             Began as a Mummy Necromancer on Feb 17, 2022.
             Was a Priest of Kikubaaqudgha.
             Slain by a cane toad (5 damage)
             ... on level 2 of the Lair of Beasts on Feb 25, 2022.
             The game lasted 00:56:43 (20301 turns).

Gabide the Thaumaturge (Mummy Necromancer)         Turns: 20301, Time: 00:56:44

Health: -3/83      AC: 15    Str: 14    XL:     11   Next: 81%
Magic:  2/29       EV: 15    Int: 20    God:    Kikubaaqudgha [***...]
Gold:   783        SH:  0    Dex: 18    Spells: 12/39 levels left

rFire   . . .      SeeInvis .   l - +2 broad axe (pain)
rCold   . . .      Faith    +   (no shield)
rNeg    + + +      Spirit   .   m - +3 steam dragon scales
rPois   ∞          Reflect  .   (no helmet)
rElec   .          Harm     .   n - +1 cloak
rCorr   .          Rampage  .   f - +2 pair of gloves of Hedonism {Will+ Str+3 Int+2 Dex+4}
Will    ++...                   e - +1 pair of boots
Stlth   ++........              h - amulet of faith
HPRegen 0.23/turn               d - ring of fire
MPRegen 0.21/turn               (no ring)

@: death channelling
A: cold resistance 1, negative energy resistance 3, torment resistance 2, heat
vulnerability 1, no potions
a: Renounce Religion, Receive Corpses


You were on level 2 of the Lair of Beasts.
You worshipped Kikubaaqudgha.
Kikubaaqudgha was most pleased with you.
You visited 3 branches of the dungeon, and saw 13 of its levels.
You also visited: Ossuary and Bailey.

You collected 783 gold pieces.

Inventory:

Hand Weapons
 a - a +3 dagger of chaos
 k - a +2 hand axe of distortion
 l - a +2 broad axe of pain (weapon)
Missiles
 g - a throwing net
Armour
 e - a +1 pair of boots (worn)
 f - the +2 pair of gloves of Hedonism (worn) {Will+ Str+3 Int+2 Dex+4}
   (You found it on level 2 of the Dungeon)

   Str:       It affects your strength (+3).
   Int:       It affects your intelligence (+2).
   Dex:       It affects your dexterity (+4).
   Will:      It increases your willpower.
 m - +3 steam dragon scales (worn)
 n - a +1 cloak (worn)
 w - an orb of mayhem
Jewellery
 d - a ring of fire (left hand)
 h - an amulet of faith (around neck)
Wands
 b - a wand of acid (3)
 c - a wand of polymorph (8)
 j - a wand of paralysis (4)
 o - a wand of flame (11)
 u - a wand of iceblast (4)
Scrolls
 i - 8 scrolls of identify
 p - a scroll of teleportation
 q - a scroll of magic mapping {unknown}
 r - a scroll of brand weapon {unknown}
 s - a scroll of enchant weapon {unknown}
 t - a scroll of amnesia
 v - a scroll of torment {unknown}


   Skills:
 * Level 6.4 Fighting
 + Level 2.2 Axes
 * Level 5.3 Dodging
 + Level 2.3 Stealth
 + Level 0.7 Unarmed Combat
 * Level 14.5 Spellcasting
 * Level 12.0 Necromancy


You had 12 spell levels left.
You knew the following spells:

 Your Spells              Type           Power      Damage    Failure   Level
a - Pain                  Necr           100%       1d9       1%          1
b - Vampiric Draining     Necr           58%        2d10      1%          3
c - Animate Dead          Necr           29%        N/A       1%          4
d - Dispel Undead         Necr           58%        3d21      1%          4
e - Agony                 Necr           58%        N/A       1%          5
f - Anguish               Hex/Necr       19%        N/A       3%          4
g - Death Channel         Necr           29%        N/A       4%          6

Your spell library contained the following spells:

 Spells                   Type           Power      Damage    Failure   Level
 Animate Skeleton         Necr           100%       N/A       1%          1
 Corpse Rot               Necr/Air       76%        N/A       1%          2
 Excruciating Wounds      Necr           29%        N/A       1%          5
 Foxfire                  Conj/Fire      84%        2x1d8     4%          1
 Ensorcelled Hibernation  Hex/Ice        28%        N/A       7%          2
 Passwall                 Tmut/Erth      11%        N/A       7%          2
 Static Discharge         Conj/Air       14%        N/A       7%          2
 Borgnjor's Vile Clutch   Necr/Erth      19%        N/A       10%         5
 Call Canine Familiar     Summ           14%        N/A       13%         3
 Conjure Flame            Conj/Fire      21%        6-21      13%         3
 Inner Flame              Hex/Fire       21%        N/A       13%         3
 Portal Projectile        Hex/Tloc       28%        N/A       13%         3
 Swiftness                Air            14%        N/A       13%         3
 Flame Wave               Conj/Fire      21%        2d7       41%         4
 Leda's Liquefaction      Hex/Erth       7%         N/A       41%         4
 Sticky Flame             Conj/Fire      21%        2d4       41%         4


Dungeon Overview and Level Annotations

Branches:
Dungeon (9/15)             Temple (1/1) D:6            Lair (3/6) D:9
    Orc (0/2) D:9         Ossuary (visited)          Bailey (visited)
  Swamp: Lair:2-4    Shoals: Lair:2-4     Snake: Lair:2-4    Spider: Lair:2-4

Altars:
Ashenzari
Cheibriados
Dithmenos
Elyvilon
Fedhas
Gozag
Hepliaklqana
Kikubaaqudgha
Makhleb
Nemelex Xobeh
Okawaru
Qazlal
Ru
Sif Muna
Trog
Uskayaw
Vehumet
Wu Jian
Xom
Yredelemnul
Zin
The Shining One

Shops:
D:3 (

Annotations:
D:3 Grinder
D:5 2 transporters
Lair:2 2 transporters, Bamboolord's ghost, journeyman TeAE


Innate Abilities, Weirdness & Mutations

You are immune to poison.
Your flesh is cold resistant. (rC+)
You are immune to negative energy. (rN+++)
You are immune to unholy pain and torment.
You are vulnerable to heat. (rF-)
You do not drink.


Message History

You hit the cane toad.
The cane toad writhes in agony!
The cane toad is severely wounded.
You slash the yak!
The yak writhes in agony.
Your spectral black mamba barely misses the cane toad.
Your black mamba zombie bites the yak.
Your spectral black mamba barely misses the yak.
Your spectral black mamba barely misses the cane toad.
Your black mamba zombie bites the yak but does no damage.
The yak completely misses you.
A yak comes into view.
The cane toad stings you but does no damage.
The yak gores your black mamba zombie.
Your spectral black mamba bites the yak!
Your spectral black mamba barely misses the cane toad.
Your black mamba zombie barely misses the yak.
The yak gores you!
* * * LOW HITPOINT WARNING * * *
Casting: Animate Dead (safe; 1% risk of failure)
Confirm with . or Enter, or press ? or * to list all spells.
You don't know that spell.
Your spectral black mamba bites the yak.
Your spectral black mamba misses the cane toad.
The cane toad stings you!
* * * LOW HITPOINT WARNING * * *
Your black mamba zombie bites the yak.
The yak closely misses your black mamba zombie.
Your cane toad zombie barely misses the komodo dragon.
The komodo dragon bites you.
* * * LOW HITPOINT WARNING * * *
Your spectral black mamba bites the yak.
Your spectral black mamba closely misses the cane toad.
The yak barely misses your spectral black mamba.
You climb upwards.
Your mindless puppets stay behind to rot.
Level annotation: 2 transporters, Bamboolord's ghost, journeyman TeAE
There is a stone staircase leading down here.
Okay, then.
The cane toad stings you.
You die...
Kikubaaqudgha rasps: "You have failed me!
Welcome... oblivion!"

......P...........###P#..##
....#.P........###........#
....P......#...####....#### ##
..........####.........# ##.
.........## #.........## #.#
#........## ##.......#.### ###
#>........# #..l.....##.# #.
#........## ##..>F.......# ####
#........## #..Y@...P....# #...
.....P....####......P....## ##..
....#.......P#............#####..
................##....#..#.##....
.................#....#.[.##.....
................P##...##.........
.....##..........##...#..........
.......#.........##..............
......##.....#................###


You could see a komodo dragon, a yak and a cane toad.

Vanquished Creatures
  A hydra (D:9)
  A two-headed ogre (D:9)
  An oklob plant (Lair:2)
  4 elephants (Lair:2)
  Maurice (D:8)
  2 black mambas
  Psyche (D:8)
  Maggie (D:7)
  A cane toad (Lair:3)
  2 komodo dragons
  8 blink frogs
  2 wyverns
  4 yaks (Lair:2)
  2 wargs (D:9)
  5 water moccasins
  3 sky beasts
  2 black bears
  A necrophage (D:7)
  7 orc warriors
  3 wolves (Lair:1)
  2 centaurs
  An ogre (D:7)
  A phantom (D:6)
  A kobold brigand (D:9)
  3 scorpions
  A gnoll sergeant (D:8)
  8 bullfrogs
  A water moccasin zombie (D:5)
  An elf skeleton (D:6)
  2 water moccasin skeletons
  9 wights
  8 killer bees (D:8)
  An electric eel (Lair:1)
  A howler monkey (D:5)
  2 centaur zombies
  A bullfrog zombie (D:5)
  3 human zombies
  4 jellies
  6 orc priests
  A gnoll shaman (D:2)
  2 human skeletons (D:6)
  Natasha (thrice) (D:2)
  3 iguanas
  7 orc wizards
  A killer bee zombie (D:7)
  A hound skeleton (D:4)
  2 mummies (Ossuary)
  16 gnolls
  5 adders
  A shadow imp (D:5)
  3 white imps
  An ufetubus (D:5)
  A worm (D:3)
  A dart slug (D:2)
  23 orcs
  7 bats
  7 endoplasms
  2 giant cockroaches
  4 gnoll zombies (Ossuary)
  13 goblins
  5 hobgoblins
  8 jackals
  12 kobolds
  3 quokkas (D:1)
  7 ball pythons
  6 frilled lizards
  2 goblin zombies (Ossuary)
  A hobgoblin zombie (Ossuary)
  An orc skeleton (D:6)
  5 orc zombies (Ossuary)
  A quokka skeleton (D:4)
  4 rats
267 creatures vanquished.

Vanquished Creatures (collateral kills)
  An elephant (Lair:2)
  A black mamba (Lair:3)
  A bullfrog (Lair:1)
  2 orc priests
  A gnoll (D:8)
  3 orcs
9 creatures vanquished.

Vanquished Creatures (others)
  33 fungi
  48 plants
81 creatures vanquished.

Grand Total: 357 creatures vanquished

Notes
Turn   | Place    | Note
-------+----------+-------------------------------------------
     0 | D:1      | Gabide the Mummy Necromancer began the quest for the Orb.
     0 | D:1      | Reached XP level 1. HP: 13/13 MP: 4/4
   223 | D:1      | Reached skill level 3 in Spellcasting
   255 | D:1      | Reached XP level 2. HP: 19/19 MP: 0/6
   936 | D:1      | Reached XP level 3. HP: 25/25 MP: 4/7
  1446 | D:2      | Found a faded altar of an unknown god.
  1502 | D:2      | Noticed Natasha
  1509 | D:2      | Killed Natasha
  1513 | D:2      | Reached skill level 4 in Spellcasting
  1525 | D:2      | Noticed Natasha
  1574 | D:2      | Killed Natasha
  1575 | D:2      | Reached skill level 5 in Necromancy
  1575 | D:2      | Reached XP level 4. HP: 6/31 MP: 1/10
  2044 | D:2      | Noticed Natasha
  2058 | D:2      | Killed Natasha
  2401 | D:2      | Identified the +2 pair of gloves of Hedonism {Will+ Str+3
                  | Int+2 Dex+4}
  2484 | D:2      | Reached skill level 1 in Fighting
  2524 | D:1      | Reached XP level 5. HP: 10/37 MP: 1/11
  3779 | D:3      | Found Xoam's Weapon Shop.
  4015 | D:3      | Found a burning altar of Makhleb.
  4218 | D:3      | Reached XP level 6. HP: 43/43 MP: 11/13
  4263 | D:3      | Noticed Grinder
  4273 | D:2      | Learned a level 3 spell: Vampiric Draining
  4278 | D:2      | Learned a level 4 spell: Animate Dead
  4781 | D:4      | Reached skill level 5 in Spellcasting
  5003 | D:4      | Learned a level 4 spell: Dispel Undead
  5316 | D:5      | Entered Level 5 of the Dungeon
  6725 | D:5      | Reached XP level 7. HP: 50/51 MP: 6/15
  7012 | D:5      | Found a transporter.
  7098 | D:5      | Learned a level 5 spell: Agony
  7391 | D:5      | Found an iron altar of Okawaru.
  7475 | D:5      | Reached skill level 6 in Spellcasting
  7663 | D:5      | Found a transporter.
  8282 | D:6      | Found a radiant altar of Vehumet.
  8358 | D:6      | Found a stormy altar of Qazlal.
  8490 | D:6      | Reached skill level 7 in Spellcasting
  8490 | D:6      | Reached XP level 8. HP: 58/58 MP: 5/18
  8845 | D:6      | Found a sand-covered staircase.
  8891 | Ossuary  | Entered an ossuary
  9756 | D:6      | Reached skill level 8 in Spellcasting
 10659 | D:6      | Found a staircase to the Ecumenical Temple.
 10680 | Temple   | Entered the Ecumenical Temple
 10927 | Temple   | Became a worshipper of Kikubaaqudgha
 11268 | D:7      | Reached skill level 9 in Spellcasting
 11486 | D:7      | Noticed Maggie
 11496 | D:7      | Killed Maggie
 11497 | D:7      | Reached XP level 9. HP: 52/65 MP: 2/22
 12036 | D:7      | Found a broken altar of Ashenzari.
 12289 | D:8      | Found a flagged portal.
 12335 | Bailey   | Entered a bailey
 12711 | D:8      | Reached skill level 10 in Spellcasting
 12713 | D:8      | Reached * piety under Kikubaaqudgha
 12713 | D:8      | Received a gift from Kikubaaqudgha
 13668 | D:8      | Noticed Psyche
 13676 | D:8      | Killed Psyche
 13854 | D:8      | Noticed Maurice
 13863 | D:8      | Killed Maurice
 13864 | D:8      | Reached skill level 11 in Spellcasting
 13876 | D:8      | Reached XP level 10. HP: 40/73 MP: 0/25
 14284 | D:8      | Reached skill level 5 in Fighting
 14284 | D:8      | Reached skill level 1 in Axes
 14750 | D:8      | Found a snail-covered altar of Cheibriados.
 15148 | D:8      | Found a sacrificial altar of Ru.
 15152 | D:8      | Found an opulent altar of Gozag.
 15227 | D:9      | Reached ** piety under Kikubaaqudgha
 15566 | D:9      | Noticed a four-headed hydra
 15575 | D:9      | Killed a four-headed hydra
 15576 | D:9      | Reached skill level 10 in Necromancy
 15942 | D:9      | Reached skill level 12 in Spellcasting
 16183 | D:9      | Found a staircase to the Orcish Mines.
 16889 | D:9      | Found a staircase to the Lair.
 17001 | D:9      | Noticed a two-headed ogre
 17015 | D:9      | Killed a two-headed ogre
 17016 | D:9      | Reached skill level 13 in Spellcasting
 17242 | D:9      | Upgraded the game from 0.28.0 to 0.28.0-1-gb440e238dd
 17243 | Lair:1   | Entered Level 1 of the Lair of Beasts
 17261 | Lair:1   | Reached XP level 11. HP: 38/81 MP: 9/28
 18158 | Lair:2   | Noticed an oklob plant
 18308 | Lair:2   | Killed an oklob plant
 18949 | Lair:2   | Reached skill level 5 in Dodging
 18949 | Lair:2   | Reached skill level 14 in Spellcasting
 19212 | Lair:2   | Reached *** piety under Kikubaaqudgha
 19212 | Lair:2   | Received a gift from Kikubaaqudgha
 19220 | Lair:2   | Learned a level 4 spell: Anguish
 19227 | Lair:2   | Learned a level 6 spell: Death Channel
 19651 | Lair:2   | Found a transporter.
 19657 | Lair:2   | Found a transporter.
 19657 | Lair:2   | Noticed Bamboolord's ghost (journeyman TeAE)
 20299 | Lair:3   | HP: 2/83 [komodo dragon (3)]
 20301 | Lair:2   | Slain by a cane toad

Illustrated notes

Levels and vault maps discovered:
D:1:      lemuel_arrival_lava_pool, layout_loops_ring, hangedman_decor_points
D:2:      layout_loops_cross, hellmonk_ecumenical_altar_heavens_door,
          uniq_natasha
D:3:      layout_basic, makhleb_altar_promises_db, serial_shops,
          nicolae_shop_hallway_plus, nicolae_grassy_gnolls, uniq_grinder
D:4:      layout_rooms
D:5:      gammafunk_steamed_eel, layout_basic, okawaru_altar_gauntlet_db,
          minmay_misc_feat_plants
D:6:      layout_gridville, nicolae_qazlal_eye_of_the_storm,
          mainiacjoe_overflow_chevrons, nicolae_vehumet_radiance,
          minmay_temple_entry_nine_rooms, nicolae_ossuary_entry_catacombs
D:7:      layout_basic, cheibrodos_ashenzari_chains,
          mainiacjoe_overflow_alcove_1, uniq_maggie
D:8:      layout_layer_cave, minitemple, enter_bailey_3, hangedman_decor_lopped,
          nicolae_concentric_dashed_squares_wild, uniq_maurice, uniq_psyche
D:9:      layout_roguey, due_lair_maze_entry_diamond, david_orc_1_choice
Temple:   hc_temple_tempest_star
Lair:1:   layout_cave_shapes, wad_woods_river_02
Lair:2:   layout_layer_cave, gammafunk_ghost_arena
Lair:3:   layout_hall_layers, minmay_shoals_entry_centaurs

Skill      XL: |  1  2  3  4  5  6  7  8  9 10 11 |
---------------+----------------------------------+-----
Spellcasting   | 3 4 5 7 9 11 13 14 | 14.5
Necromancy     | 5 6 8 9 11 12 | 12.0
Fighting       | 1 2 3 4 5 6 |  6.4
Dodging        | 2 3 4 5 |  5.3
Stealth        | 2 |  2.3
Axes           | 1 2 |  2.2
Unarmed Combat | |  0.7

Action                   |  1- 3 |  4- 6 |  7- 9 | 10-12 || total
-------------------------+-------+-------+-------+-------++-------
Melee: Unarmed           |    17 |    70 |    79 |       ||   166
       Punch             |       |     1 |     4 |     2 ||     7
       Broad axe         |       |       |    16 |    87 ||   103
 Cast: Pain              |    84 |   116 |   179 |   177 ||   556
       Dispel Undead     |       |     7 |    48 |     1 ||    56
       Vampiric Draining |       |       |    31 |    73 ||   104
       Agony             |       |       |    10 |     7 ||    17
       Animate Dead      |       |       |     7 |    15 ||    22
       Death Channel     |       |       |       |     2 ||     2
Invok: Receive Corpses   |       |       |       |     6 ||     6
  Use: Scroll            |       |     3 |     9 |     2 ||    14
Armor: Robe              |    19 |    55 |    52 |       ||   126
       Steam dragon scal |       |       |    59 |   151 ||   210
Dodge: Dodged            |    50 |   116 |   187 |   237 ||   590
